 Dungeon Crawl Stone Soup version 0.18-a0-1273-g8ec5f8e (webtiles) character file.

1165 M4edhros the Covert (level 8, -5/43 HPs)
             Began as an Octopode Artificer on Feb 8, 2016.
             Slain by an iguana (15 damage)
             ... on level 5 of the Dungeon.
             The game lasted 00:10:01 (9593 turns).

M4edhros the Covert (Octopode Artificer)            Turns: 9593, Time: 00:10:01

Health: -5/43      AC:  3    Str: 11    XL:     8   Next: 40%
Magic:  12/12      EV: 14    Int: 16    God:    Xom [..*...]
Gold:   208        SH:  0    Dex: 12    Spells: 0 memorised, 7 levels left

rFire  . . .     SeeInvis .     t - +2 dagger (speed)
rCold  . . .     Gourm    .     (no shield)
rNeg   . . .     Faith    .     (helmet restricted)
rPois  .         Spirit   .     (no amulet)
rElec  .         Dismiss  .     (no ring)
rCorr  .         Reflect  .     (no ring)
SustAt .         Harm     .     (no ring)
MR     .....                    (no ring)
Stlth  +++++.....               (no ring)
                                (no ring)
                                (no ring)
                                (no ring)

@: not resistant to hostile enchantments, quite stealthy
A: almost no armour, amphibious, 8 rings, constrict 8, thin metallic scales 1,
camouflage 1, deterioration 1, frail 1, gelatinous body 1
a: Renounce Religion


You were on level 5 of the Dungeon.
You worshipped Xom.
You were a toy of Xom.
You were very hungry.

You visited 2 branches of the dungeon, and saw 6 of its levels.
You also visited: Sewer.

You collected 208 gold pieces.

Inventory:

Hand Weapons
 a - a +0 short sword
 m - a +0 hunting sling
 t - a +2 dagger of speed (weapon)
 v - a +0 greatsling
Missiles
 l - 185 stones (quivered)
 n - 60 sling bullets
Wands
 b - a wand of flame (3/48)
 c - a wand of enslavement (9/24)
 d - a wand of random effects (0/48)
Scrolls
 g - 5 scrolls of teleportation
 h - a scroll of blinking
 i - 3 scrolls of remove curse
 k - a scroll of fear
 o - a scroll of recharging {unknown}
 u - a scroll of magic mapping
 y - a scroll of enchant weapon {unknown}
 C - a scroll of identify
Potions
 j - a potion of haste
 s - 2 potions of lignification {unknown}
 x - a potion of ambrosia {unknown}
 z - a potion of curing {unknown}
 A - 2 potions of flight {unknown}
 B - a potion of cure mutation {unknown}
Comestibles
 p - 3 fruits
 q - 4 meat rations


   Skills:
 - Level 1.0 Fighting
 - Level 1.0 Short Blades
 * Level 3.2 Slings
 * Level 5.8 Dodging
 * Level 8.3 Stealth
 + Level 5.6 Evocations


You had 7 spell levels left.
You didn't know any spells.

Dungeon Overview and Level Annotations

Branches:
Dungeon (5/15)             Temple (1/1) D:4

Altars:
Ashenzari
Cheibriados
Dithmenos
Elyvilon
Fedhas
Kikubaaqudgha
Makhleb
Nemelex Xobeh
Qazlal
Sif Muna
Trog
Vehumet
Xom
Yredelemnul
Zin
The Shining One

Annotations:
D:5 Menkaure


Innate Abilities, Weirdness & Mutations

You cannot wear most types of armour.
You are amphibious.
You can wear up to eight rings at the same time.
You can use your tentacles to constrict eight enemies at once.
Your skin changes colour to match your surroundings (Stealth).
Your rubbery body absorbs attacks (AC +1).
You are partially covered in thin metallic scales (AC +2).
Your body sometimes deteriorates upon taking damage.
You are frail (-10% HP).


Message History

The orc priest convulses!
Menkaure hums in an indecipherable tongue.
You hit the iguana but do no damage. You grab the iguana.
The iguana is heavily wounded.
You constrict the iguana. You hit the iguana.
The iguana is severely wounded.
You constrict the iguana, but do no damage.
The iguana bites you!
* * * LOW HITPOINT WARNING * * *
Evoke which item? (* to show all) (? for menu, Esc to quit)
Zapping:
b - a wand of flame (4/48)
Press: ? - help, Shift-Dir - straight line, f - iguana
Aim: an iguana (severely wounded, constricted by you)
The puff of flame hits the iguana.
The iguana is almost dead.
This wand has 3 charges left.
You constrict the iguana, but do no damage.
The iguana bites you!
You die...

#.# #.# #o§##.#....
#.# #.# #.#####h.# ..
. #.# #.#
#........####.# #.#
.# ######.......# #.#
#...h...#### #.#
#o#####.# #.# #h# .#
..# #l# .# ### #@# #
#.# #.# # ####.## ###
#.....# ..# #.
#.....### #.# #.#
#.......# #.# #.#
#.......#
#.######.####.....###


You could see an iguana, a hound and an orc.

Vanquished Creatures
  Duvessa (D:4)
  Purgy (D:4)
  A phantom (D:4)
  An ogre (D:4)
  A centaur (D:5)
  4 big kobolds (Sewer)
  Dowan (D:4)
  The ghost of M4edhros the Charlatan, a weakling OpAr (D:3)
  2 orc priests
  An orc wizard (D:5)
  2 worker ants
  Terence (D:2)
  8 adders
  3 river rats (Sewer)
  9 oozes
  An adder skeleton (D:4)
  2 worms
  A giant gecko (D:4)
  10 orcs
  3 bats
  A giant cockroach (D:1)
  2 hobgoblins
  2 jackals (D:1)
  6 kobolds
  A quokka (D:4)
  5 ball pythons
  A giant newt (D:5)
  3 goblins
  5 rats
80 creatures vanquished.

Vanquished Creatures (collateral kills)
  An adder (D:3)
  3 orcs (D:3)
  5 giant cockroaches
  A rat (D:1)
10 creatures vanquished.

Vanquished Creatures (others)
  A quokka (D:4)
1 creature vanquished.

Grand Total: 91 creatures vanquished

Notes
Turn   | Place    | Note
--------------------------------------------------------------
     0 | D:1      | M4edhros the Octopode Artificer began the quest for the Orb.
     0 | D:1      | Reached XP level 1. HP: 13/13 MP: 3/3
    51 | D:1      | Reached XP level 2. HP: 5/18 MP: 4/4
   489 | D:2      | Reached XP level 3. HP: 23/23 MP: 5/5
   649 | D:2      | Noticed Terence
   658 | D:2      | Killed Terence
   816 | D:3      | Reached XP level 4. HP: 7/28 MP: 6/6
   967 | D:3      | Found a shimmering altar of Xom.
  1149 | D:3      | Noticed M4edhros's ghost (weakling OpAr)
  1156 | D:3      | Found a glowing drain.
  1180 | D:3      | Reached skill level 4 in Evocations
  1192 | Sewer    | Entered a sewer
  1646 | Sewer    | Reached XP level 5. HP: 20/33 MP: 8/8
  1699 | Sewer    | Noticed a big kobold
  1711 | Sewer    | Killed a big kobold
  1983 | Sewer    | Noticed a big kobold
  2003 | Sewer    | Killed a big kobold
  2003 | Sewer    | Reached skill level 5 in Stealth
  2003 | Sewer    | Reached XP level 6. HP: 31/38 MP: 9/9
  2210 | Sewer    | Reached skill level 6 in Stealth
  2284 | Sewer    | Reached XP level 7. HP: 29/43 MP: 10/10
  2498 | D:3      | Killed M4edhros's ghost
  2664 | D:3      | Reached skill level 5 in Evocations
  2883 | D:4      | Found a staircase to the Ecumenical Temple.
  2893 | Temple   | Entered the Ecumenical Temple
  2918 | Temple   | Became a worshipper of Xom of Chaos
  2970 | D:4      | Noticed Purgy
  3003 | D:4      | Noticed Duvessa
  3003 | D:4      | Noticed Dowan
  3008 | D:4      | Killed Duvessa
  3008 | D:4      | Reached skill level 1 in Slings
  3008 | D:4      | Reached skill level 5 in Dodging
  3008 | D:4      | Reached skill level 7 in Stealth
  3013 | D:4      | XOM: divination: magic mapping
  3017 | D:4      | XOM: potion effect (haste)
  3025 | D:4      | Killed Dowan
  3080 | D:4      | XOM: potion effect (agility)
  3087 | D:4      | XOM: potion effect (berserk rage)
  3092 | D:4      | XOM: harmless Tloc miscast
  3155 | D:4      | XOM: god gift: scroll of amnesia
  3182 | D:4      | XOM: divination: detect creatures
  3216 | D:4      | Found a white marble altar of Elyvilon.
  3644 | D:4      | XOM: divination: detect items
  3649 | D:4      | Killed Purgy
  3649 | D:4      | Reached XP level 8. HP: 48/48 MP: 10/12
  3706 | D:4      | Reached skill level 8 in Stealth
  3747 | D:5      | Entered Level 5 of the Dungeon
  3944 | D:5      | XOM: harmless Ice miscast
  4305 | Temple   | XOM: god gift: 11 stones
  4439 | Temple   | XOM: god gift: 22 gold pieces
  4475 | Temple   | XOM: god gift: 2 stones
  4627 | Temple   | XOM: god gift: 2 arrows of frost
  5360 | Temple   | XOM: vitrification
  6361 | Temple   | XOM: cast spell 'Statue Form'
  6629 | Temple   | XOM: 2-stop teleportation journey
  7393 | Temple   | XOM: 9-stop teleportation journey
  7414 | Temple   | XOM: silly message
  7823 | Temple   | XOM: silly message
  7860 | Temple   | XOM: 3-stop teleportation journey
  7886 | Temple   | XOM: harmless Fire miscast
  8050 | Temple   | XOM: give mutations
  8050 | Temple   | Gained mutation: Your body sometimes deteriorates upon taking damage. [Xom's mischief]
  8050 | Temple   | Gained mutation: You are partially covered in thin metallic scales (AC +2). [Xom's mischief]
  8050 | Temple   | Gained mutation: You are frail (-10% HP). [Xom's mischief]
  9312 | Temple   | XOM: vitrification
  9386 | Temple   | XOM: god gift: scroll labeled EXYV SEJA KOHA
  9445 | Temple   | XOM: mild Erth miscast
  9522 | D:5      | Found a glowing silver altar of Zin.
  9522 | D:5      | Found a white marble altar of Elyvilon.
  9522 | D:5      | Found a glowing golden altar of the Shining One.
  9572 | D:5      | Noticed Menkaure
  9579 | D:5      | XOM: smoke on damage
  9593 | D:5      | Slain by an iguana

Vault maps used:
D:1:      erik_arrival_blinker_ship
D:2:      nemelex_lonely_heart_becter, uniq_natasha, uniq_terence, uniq_iyjb
D:3:      gup_sewer_entry_glass, lemuel_statue_altar
D:4:      minmay_temple_entry_statues_pillars, first_bread, elyvilon_altar_4,
          uniq_purgy, uniq_duvessa
D:5:      kennysheep_windowed_halls, good_gods_mini_temple, uniq_eustachio,
          uniq_menkaure, uniq_grinder
Temple:   circular_temple_13
Sewer:    sewer_co_tree

Action                   |  1- 3 |  4- 6 |  7- 9 || total
-------------------------+-------+-------+-------++-------
Melee: Short sword       |    39 |    90 |     8 ||   137
       Dagger            |       |       |    77 ||    77
 Fire: Greatsling        |       |       |    15 ||    15
Evoke: Wand              |     3 |     6 |    24 ||    33
  Use: Potion            |     1 |       |     1 ||     2
       Scroll            |       |       |     9 ||     9
 Stab: Sleeping          |     7 |    10 |     7 ||    24
  Eat: Chunk             |       |     4 |     7 ||    11
       Bread ration      |       |       |     2 ||     2
       Meat ration       |       |       |     1 ||     1
       Beef jerky        |       |       |     1 ||     1
